 Dungeon Sprint DCSS version 0.19-a0-1920-g83281cb (webtiles) character file.

309 LORDOFBUTT the Basher (level 6, -2/62 HPs)
             Began as a Minotaur Fighter on Oct 24, 2016.
             Was an Initiate of Gozag.
             Slain by a cyclops (28 damage)
             ... in the Dungeon (Sprint IX: "|||||||||||||||||||||||||||||").
             The game lasted 00:01:09 (180 turns).

LORDOFBUTT the Basher (Minotaur Fighter)             Turns: 180, Time: 00:01:09

Health: -2/62      AC: 15    Str: 22    XL:     6   Next: 17%
Magic:  5/5        EV:  8    Int:  5    God:    Gozag
Gold:   513        SH: 11    Dex: 10    Spells: 0 memorised, 5 levels left

rFire  . . .     SeeInvis .     p - +2 morningstar (crush)
rCold  . . .     Gourm    .     r - +1 chain mail
rNeg   . . .     Faith    .     c - +0 shield
rPois  .         Spirit   .     (helmet restricted)
rElec  .         Reflect  .     (no cloak)
rCorr  .         Harm     .     (no gloves)
MR     .....     NoTele   +     s - +0 pair of boots
Stlth  ..........               (no amulet)
                                q - +2 ring of protection
                                a - +2 ring of evasion

@: no status effects
A: retaliatory headbutt, horns 2
a: Potion Petition, Call Merchant, Bribe Branch, Renounce Religion


You were in the Dungeon.
You worshipped Gozag.
Gozag was pleased with you.
You were not hungry.

You visited 1 branch You collected 513 gold pieces.

Inventory:

Hand Weapons
 p - a +2 morningstar of crushing (weapon)
Armour
 c - a +0 shield (worn)
 r - a +1 chain mail (worn)
 s - a +0 pair of boots (worn)
Jewellery
 a - a +2 ring of evasion (left hand)
 q - a +2 ring of protection (right hand)
Wands
 o - a wand of lightning (7/15)
Scrolls
 k - 2 scrolls of blinking
 m - 3 scrolls of remove curse
 n - 2 scrolls of amnesia
Potions
 d - a potion of might
 e - 5 potions of curing
 g - 3 potions of heal wounds
 h - a potion of haste
 i - 4 potions of magic
 j - a potion of berserk rage
 l - a potion of invisibility
Comestibles
 f - a bread ration


   Skills:
 + Level 8.4 Fighting
 * Level 9.1 Maces & Flails
 + Level 8.3 Armour
 + Level 8.2 Shields
 + Level 0.0 Evocations


You had 5 spell levels left.
You didn't know any spells.

Dungeon Overview and Level Annotations

Branches:
Dungeon (1/1)

Altars:
Cheibriados
Dithmenos
Elyvilon
Fedhas
Gozag
Hepliaklqana
Kikubaaqudgha
Makhleb
Nemelex Xobeh
Okawaru
Qazlal
Ru
Sif Muna
Trog
Uskayaw
Vehumet
Xom
Yredelemnul
Zin
The Shining One
Beogh
Jiyva
Lugonu


Innate Abilities, Weirdness & Mutations

You reflexively headbutt those who attack you in melee.
You have a pair of horns on your head.


Message History

A bullfrog, a soldier ant, a gargoyle, an orc wizard, a centaur warrior and a cyclops come into view.
The centaur warrior shouts!
The orc wizard shouts!
The bullfrog gives a loud, deep croak!
The cyclops shouts!
The cyclops throws a large rock.
You block the large rock.
There are monsters nearby!
There is an open door here.
You hit the cyclops.
The cyclops is lightly wounded.
The cyclops hits you!
You puncture the cyclops!
The cyclops is moderately wounded.
The orc wizard gestures wildly while chanting.
The orc wizard blinks!
You block the cyclops's attack.
You hit the cyclops.
The cyclops is heavily wounded.
You puncture the cyclops!
The cyclops is severely wounded.
The cyclops hits you!!
You die...
Your body crumbles into a pile of gold.

▓+▓
▓a▓
▓o▓
▓F▓
▓c▓
▓9▓
▓C▓
▓@▓
▓(▓
$
▓.▓
$
▓.▓
$
▓.▓
$
▓.▓
$
▓.▓
$
▓)▓
$
▓.▓


You could see a centaur warrior, a cyclops, a soldier ant, a gargoyle, a
bullfrog and an orc wizard.

Vanquished Creatures
  An ogre (D)
  A bullfrog (D)
  A killer bee (D)
  A crimson imp (D)
  An iguana (D)
  A worker ant (D)
  2 adders (D)
  An adder zombie (D)
  An orc (D)
  A giant cockroach (D)
  A goblin (D)
  A hobgoblin (D)
  A quokka (D)
  2 frilled lizards (D)
16 creatures vanquished.

Vanquished Creatures (others)
  A spatial maelstrom (D)
1 creature vanquished.

Grand Total: 17 creatures vanquished

Notes
Turn   | Place    | Note
-------+----------+-------------------------------------------
     0 | D        | LORDOFBUTT the Minotaur Fighter began the quest for the Orb.
     0 | D        | Reached XP level 1. HP: 19/19 MP: 0/0
     6 | D        | Banished a spatial maelstrom
    27 | D        | Noticed a worker ant
    27 | D        | Noticed a crimson imp
    29 | D        | Reached XP level 2. HP: 25/28 MP: 1/1
    34 | D        | Reached skill level 5 in Fighting
    34 | D        | Reached skill level 3 in Maces & Flails
    34 | D        | Reached skill level 5 in Armour
    34 | D        | Reached skill level 5 in Shields
    34 | D        | Reached XP level 3. HP: 26/36 MP: 2/2
    40 | D        | Reached skill level 4 in Maces & Flails
    47 | D        | Reached XP level 4. HP: 35/44 MP: 3/3
    55 | D        | Found a roughly hewn altar of Beogh.
    55 | D        | Found a snail-covered altar of Cheibriados.
    55 | D        | Found a shadowy altar of Dithmenos.
    55 | D        | Found a white marble altar of Elyvilon.
    55 | D        | Found a blossoming altar of Fedhas.
    55 | D        | Found an opulent altar of Gozag.
    56 | D        | Found a hazy altar of Hepliaklqana.
    57 | D        | Found a viscous altar of Jiyva.
    58 | D        | Found an ancient bone altar of Kikubaaqudgha.
    59 | D        | Found a corrupted altar of Lugonu.
    60 | D        | Found a burning altar of Makhleb.
    61 | D        | Found a sparkling altar of Nemelex Xobeh.
    62 | D        | Found an iron altar of Okawaru.
    63 | D        | Became a worshipper of Gozag Ym Sagoz the Greedy
    64 | D        | Found a stormy altar of Qazlal.
    65 | D        | Found a sacrificial altar of Ru.
    66 | D        | Found a deep blue altar of Sif Muna.
    67 | D        | Found a bloodstained altar of Trog.
    68 | D        | Found a hide-covered altar of Uskayaw.
    69 | D        | Found a radiant altar of Vehumet.
    70 | D        | Found a shimmering altar of Xom.
    71 | D        | Found a basalt altar of Yredelemnul.
    72 | D        | Found a glowing silver altar of Zin.
    73 | D        | Found a glowing golden altar of the Shining One.
   103 | D        | Noticed an ogre
   103 | D        | Noticed a bullfrog
   105 | D        | Reached skill level 5 in Maces & Flails
   115 | D        | Reached skill level 6 in Maces & Flails
   115 | D        | Reached XP level 5. HP: 46/52 MP: 4/4
   121 | D        | Reached skill level 8 in Maces & Flails
   124 | D        | Killed an ogre
   124 | D        | Reached skill level 9 in Maces & Flails
   124 | D        | Reached XP level 6. HP: 29/62 MP: 5/5
   175 | D        | Noticed a soldier ant
   175 | D        | Noticed a centaur warrior
   175 | D        | Noticed a gargoyle
   175 | D        | Noticed a cyclops
   180 | D        | Slain by a cyclops

Vault maps used:
D:        linesprint

Skill      XL: |  1  2  3  4  5 |
---------------+----------------+-----
Fighting       | 4 5 6 7 8 |  8.4
Armour         | 4 5 6 7 8 |  8.3
Shields        | 4 5 6 7 8 |  8.2
Maces & Flails | 3 4 6 9 |  9.1

Action                   |  1- 3 |  4- 6 || total
-------------------------+-------+-------++-------
Melee: Flail             |    36 |       ||    36
       Headbutt          |     7 |     3 ||    10
       Morningstar       |       |    25 ||    25
Armor: Scale mail        |    13 |     7 ||    20
Dodge: Dodged            |     9 |    11 ||    20
Block: Shield            |    17 |     9 ||    26
